 Dungeon Crawl Stone Soup version 0.25.1-4-g9407a263a5 (webtiles) character file.

Game seed: 16905755187193512225

86 Clowwww the Chopper (level 4, -2/34 HPs)
             Began as a Demonspawn Gladiator on Nov 28, 2020.
             Slain by a centaur (5 damage)
             ... on level 2 of the Dungeon.
             The game lasted 00:05:11 (1877 turns).

Clowwww the Chopper (Demonspawn Gladiator)          Turns: 1877, Time: 00:05:12

Health: -2/34      AC:  4    Str: 16    XL:     4   Next: 26%
Magic:  4/4        EV: 13    Int:  9    God:
Gold:   75         SH:  0    Dex: 14    Spells: 3/3 levels left

rFire    . . .     SeeInvis .   a - +0 war axe
rCold    + . .     Gourm    .   (no shield)
rNeg     . . .     Faith    .   b - +0 leather armour
rPois    .         Spirit   .   c - +0 helmet
rElec    .         Reflect  .   (no cloak)
rCorr    .         Harm     .   (no gloves)
MR       .....                  (no boots)
Stlth    +.........             (no amulet)
HPRegen  0.11/turn              (no ring)
MPRegen  0.09/turn              (no ring)

@: hasted, very quick
A: cold resistance 1, freezing cloud immunity, sturdy frame 1
a: no special abilities


You were on level 2 of the Dungeon.
You were not hungry.

You visited 1 branch of the dungeon, and saw 2 of its levels.

You collected 75 gold pieces.

Inventory:

Hand Weapons
 a - a +0 war axe (weapon)
Missiles
 d - 3 throwing nets (quivered)
Armour
 b - a +0 leather armour (worn)
 c - a +0 helmet (worn)
Jewellery
 e - an uncursed amulet of magic regeneration {unknown}
Scrolls
 h - 2 scrolls of enchant armour {unknown}
 l - 2 scrolls of remove curse {unknown}
Potions
 g - a potion of haste
 i - a potion of curing {unknown}
 j - a potion of might {unknown}
 k - a potion of brilliance {unknown}
Comestibles
 f - 2 rations
 m - 3 chunks of flesh


   Skills:
 + Level 2.4 Fighting
 + Level 3.7 Axes
 + Level 1.8 Throwing
 + Level 0.7 Armour
 + Level 3.3 Dodging
 + Level 0.1 Stealth


You had 3 spell levels left.
You didn't know any spells.
Your spell library was empty.

Dungeon Overview and Level Annotations

Branches:
Dungeon (2/15)

Altars:
Ru


Innate Abilities, Weirdness & Mutations

Your flesh is cold resistant. (rC+)
You are immune to freezing clouds.
Your movements are slightly less encumbered by armour. (ER -2)


Message History

You see here an arrow.
The centaur shoots an arrow.
The arrow hits you!
You see here an arrow.
The centaur shoots an arrow.
The arrow barely misses you.
The centaur shoots an arrow.
The arrow hits you.
* * * LOW HITPOINT WARNING * * *
Found a stone staircase leading down.
You see here an arrow.
The centaur unwields a +0 shortbow.
The centaur hits you but does no damage. x2
You slash the centaur!
The centaur is moderately wounded.
The centaur hits you.
* * * LOW HITPOINT WARNING * * *
You hit the centaur but do no damage.
The centaur is moderately wounded.
The centaur barely misses you. The centaur hits you.
* * * LOW HITPOINT WARNING * * *
It was a potion of haste.
You feel yourself speed up. The centaur hits you.
You die...

#..........#
#..........# #.
#..........# #### ##
#.##..........# .......
>............# ###....
#...........# ###..#
#.....c.....#
.....####.#.....@.....#
........#.#...........+
.##.###...#....(......#
.# .........(.......#
.# .........(........#
.# ........(.(.......#
.##...................#
.............##########
#.#..........########


You could see a centaur.

Vanquished Creatures
  3 adders (D:2)
  An ooze (D:2)
  A worm (D:2)
  2 ball pythons (D:1)
  4 giant cockroaches (D:1)
  7 hobgoblins
  7 kobolds
  6 bats
  7 frilled lizards
  7 goblins
  5 rats
50 creatures vanquished.

Notes
Turn   | Place    | Note
-------+----------+-------------------------------------------
     0 | D:1      | Clowwww the Demonspawn Gladiator began the quest for the
                  | Orb.
     0 | D:1      | Reached XP level 1. HP: 16/16 MP: 1/1
   110 | D:1      | Gained mutation: Your flesh is cold resistant. (rC+)
                  | [demonic ancestry]
   110 | D:1      | Reached XP level 2. HP: 22/22 MP: 2/2
   580 | D:1      | Gained mutation: Your movements are slightly less
                  | encumbered by armour. (ER -2) [demonic ancestry]
   580 | D:1      | Reached XP level 3. HP: 14/27 MP: 3/3
  1613 | D:2      | Gained mutation: You are immune to freezing clouds.
                  | [demonic ancestry]
  1613 | D:2      | Reached XP level 4. HP: 21/34 MP: 4/4
  1805 | D:2      | Found a sacrificial altar of Ru.
  1869 | D:2      | Noticed a centaur
  1877 | D:2      | Slain by a centaur

Illustrated notes

Levels and vault maps discovered:
D:1:      mrwooster_arrival_statue_2, layout_basic,
          chequers_serial_rivers_micro_c, minmay_misc_feat_secret_circle
D:2:      layout_basic, nicolae_ru_awakened_eye

Skill      XL: |  1  2 |
---------------+-------+-----
Dodging        | 3 |  3.3
Axes           | 3 |  3.7
Fighting       | |  2.4
Throwing       | |  1.8
Armour         | |  0.7
Stealth        | |  0.1

Action                   |  1- 3 |  4- 6 || total
-------------------------+-------+-------++-------
Melee: War axe           |   123 |    20 ||   143
  Use: Potion            |       |     1 ||     1
 Stab: Sleeping          |     1 |       ||     1
  Eat: Chunk             |     2 |     1 ||     3
Armor: Leather armour    |    60 |     7 ||    67
Dodge: Dodged            |    92 |    25 ||   117
